 Dungeon Crawl Stone Soup version bcrawl-1.21.3-2-g9d8a61a446 (webtiles) character file.

Game seed: 9518521498787515753

51 funkygono the Conjurer (level 3, 0/19 HPs)
             Began as a Gargoyle Conjurer on Apr 17, 2020.
             Slain by Sigmund
             ... wielding a +0 scythe
              (9 damage)
             ... on level 2 of the Dungeon.
             The game lasted 00:04:47 (1577 turns).

funkygono the Conjurer (Gargoyle Conjurer)          Turns: 1577, Time: 00:04:48

Health: 0/19       AC:  8    Str: 11    XL:     3   Next: 81%
Magic:  2/6        EV: 11    Int: 16    God:
Gold:   135        SH:  3    Dex: 10    Spells: 0/6 levels left

rFire    . . .     SeeInvis .   d - +0 club
rCold    . . .     Gourm    .   m - +0 buckler
rNeg     + . .     Faith    .   a - +0 robe
rPois    ∞         Spirit   .   k - +0 helmet
rElec    +         Reflect  .   j - +1 cloak
rCorr    .         Harm     .   (no gloves)
MR       .....                  (no boots)
Stlth    ++........             b - amulet of rage
HPRegen  0.06/turn              (no ring)
MPRegen  0.10/turn              (no ring)

@: no status effects
A: negative energy resistance 1, electricity resistance, unbreathing,
petrification resistance, rot immunity, AC +3
a: Evoke Berserk Rage


You were on level 2 of the Dungeon.
You were not hungry.

You visited 1 branch of the dungeon, and saw 2 of its levels.

You collected 135 gold pieces.

Inventory:

Hand Weapons
 d - a +0 club (weapon)
Missiles
 g - 339 stones (quivered)
Armour
 a - a +0 robe (worn)
 j - a +1 cloak (worn)
 k - a +0 helmet (worn)
 m - a +0 buckler (worn)
Jewellery
 b - an amulet of rage (around neck)
Scrolls
 h - a scroll of identify {unknown}
 n - a scroll of blinking {unknown}
Potions
 c - a potion of magic
 l - a potion of heal wounds {unknown}
Comestibles
 e - 6 rations {!d}
 f - a chunk of flesh


   Skills:
 + Level 0.2 Maces & Flails
 + Level 2.0 Dodging
 + Level 2.5 Stealth
 + Level 2.2 Spellcasting
 + Level 5.3 Conjurations


You couldn't memorise any spells.
You knew the following spells:

 Your Spells              Type           Power        Failure   Level  Hunger
a - Magic Dart            Conj           ###.         3%          1    #......
b - Searing Ray           Conj           ###.....     5%          2    ###....
c - Iskenderun's Mystic   Conj           ###.....     11%         3    ###....

Your spell library contained the following spells:

 Spells                   Type           Power        Failure   Level  Hunger
 Fulminant Prism          Conj/Hex       ##........   75%         4    #####..
 Irradiate                Conj/Tmut      ##........   97%         5    ######.


Dungeon Overview and Level Annotations

Branches:
Dungeon (2/12)

Altars:
Ru

Annotations:
D:2 Sigmund


Innate Abilities, Weirdness & Mutations

You are resistant to torment.
Your stone body is resilient. (AC +3)
You are immune to poison.
You resist negative energy. (rN+)
You are resistant to electric shocks. (rElec)
You can survive without breathing.
You are immune to petrification.
You are immune to rotting.


Message History

You hit Sigmund but do no damage.
Sigmund is moderately wounded.
Sigmund looks satisfied for a moment.
You hit Sigmund.
Sigmund is moderately wounded.
Sigmund closely misses you.
You barely miss Sigmund.
Sigmund is moderately wounded.
Sigmund looks braver for a moment.
You closely miss Sigmund.
Sigmund is moderately wounded.
Sigmund hits you but does no damage.
You hit Sigmund.
Sigmund is heavily wounded.
Sigmund casts a spell.
Sigmund flickers and vanishes!
Deactivating autopickup; reactivate with Ctrl-A.
You closely miss something. Something hits you.
You closely miss something. Something hits you!
You die...

#......# #......#
#......# ......#
........
gg..#.####
####{#.#.#..
#..#@#.#.#.# ####
#..#.#.#.#.# #..
#....#.....# #.#
##.###...<.####.##
#.# #...........#
#.####...#####..#
#............#..#
############.#..#
#..###


You could see 2 hobgoblins.

Vanquished Creatures
  An ooze (D:2)
  A worm (D:2)
  4 leopard geckos (D:1)
  A giant cockroach (D:2)
  3 goblins (D:1)
  10 hobgoblins
  2 kobolds
  2 quokkas (D:2)
  4 bats (D:1)
  A frilled lizard (D:1)
  6 rats
35 creatures vanquished.

Vanquished Creatures (others)
  A frilled lizard (D:2)
1 creature vanquished.

Grand Total: 36 creatures vanquished

Notes
Turn   | Place    | Note
-------+----------+-------------------------------------------
     0 | D:1      | funkygono the Gargoyle Conjurer began the quest for the
                  | Orb.
     0 | D:1      | Reached XP level 1. HP: 10/10 MP: 3/3
   116 | D:1      | Reached XP level 2. HP: 5/15 MP: 1/5
   120 | D:1      | Learned a level 2 spell: Searing Ray
   468 | D:1      | Reached skill level 5 in Conjurations
   698 | D:1      | Reached XP level 3. HP: 19/19 MP: 3/6
  1100 | D:1      | Learned a level 3 spell: Iskenderun's Mystic Blast
  1235 | D:2      | Found a sacrificial altar of Ru.
  1560 | D:2      | Noticed Sigmund
  1577 | D:2      | Slain by Sigmund

Skill      XL: |  1  2  3 |
---------------+----------+-----
Conjurations   | 5 |  5.3
Dodging        | 2 |  2.0
Maces & Flails | |  0.2
Stealth        | |  2.5
Spellcasting   | |  2.2

Action                   || total
-------------------------++-------
Melee: Unarmed           ||    21
       Club              ||    34
 Cast: Magic Dart        ||    69
       Searing Ray       ||     2
  Use: Scroll            ||     2
       Potion            ||     1
  Eat: Chunk             ||     3
Armor: Robe              ||    25
Dodge: Dodged            ||    35
Block: Buckler           ||     2
